[Event "ICC Open 2015"]
[Site "Internet Chess Club"]
[Date "2015.05.30"]
[Round "2"]
[White "klodshans"]
[Black "Bartof"]
[Result "0-1"]
[ICCResult "White resigns"]
[WhiteElo "1578"]
[BlackElo "1907"]
[Opening "Queen's pawn: London system"]
[ECO "A45"]
[NIC "QP.07"]
[Time "14:15:45"]
[TimeControl "180+0"]

1. d4 Nf6 2. Bf4 d5 3. e3 Bf5 4. Nd2 e6 5. c4 Bd6 6. Bg5 c6 7. Qb3 Qc8 8.
Ngf3 Ne4 9. Be2 Nxg5 10. Nxg5 h6 11. Ngf3 Nd7 12. c5 Bc7 13. a4 O-O 14. a5
a6 15. Nb1 e5 16. Nc3 exd4 17. exd4 Re8 18. O-O Nf6 19. Qb4 Rb8 20. Na4 Rxe2
21. Nb6 Qe6 22. Rae1 Re8 23. Rxe2 Qxe2 24. Re1 Qb5 25. Qxb5 axb5 26. Rxe8+
Nxe8 27. Ne5 Bxe5 28. dxe5 Nc7 29. f4 Na6 30. Na8 Nxc5 31. b4 Na6 32. h3
Nxb4 33. g4 Be4 34. f5 Na6 35. Nb6 b4 36. Na4 c5 37. Kf2 d4 38. e6 fxe6 39.
fxe6 Kf8 40. Kg3 Ke7 41. Kf4 Bd5 42. h4 Bxe6 43. g5 Bb3 44. Nb2 c4 45. Ke4
c3 46. Nd3 Bc2 47. gxh6 gxh6 48. Kxd4 Bxd3 49. Kxd3 Kf6 {White resigns} 0-1

[Event "ICC Open 2015"]
[Site "Internet Chess Club"]
[Date "2015.05.30"]
[Round "2"]
[White "Ricotero"]
[Black "Redbaron"]
[Result "1-0"]
[ICCResult "Black resigns"]
[WhiteElo "2025"]
[BlackElo "2520"]
[Opening "Caro-Kann: advance variation"]
[ECO "B12"]
[NIC "CK.04"]
[Time "14:16:09"]
[TimeControl "180+0"]

1. e4 c6 2. d4 d5 3. e5 Bf5 4. g4 Bd7 5. c4 e6 6. Nf3 Ne7 7. Nc3 h5 8. gxh5
dxc4 9. Bg5 Qb6 10. Bxc4 Rxh5 11. Ne4 Qb4+ 12. Bd2 Qb6 13. Nd6+ Kd8 14. Ng5
Rxg5 15. Nxf7+ Kc7 16. Nxg5 Na6 17. Bxe6 Be8 18. Bc3 Nb4 19. Bh3 Bd7 20.
Bxd7 Kxd7 21. Qg4+ Ke8 22. Qf3 Nc2+ 23. Kd2 Nxa1 24. e6 {Black resigns} 1-0

[Event "ICC Open 2015"]
[Site "Internet Chess Club"]
[Date "2015.05.30"]
[Round "2"]
[White "JCarllsen"]
[Black "talaatabdin"]
[Result "1-0"]
[ICCResult "Black resigns"]
[WhiteElo "1852"]
[BlackElo "1435"]
[Opening "Petrov's defense"]
[ECO "C42"]
[NIC "RG.01"]
[Time "14:16:01"]
[TimeControl "180+0"]

1. e4 e5 2. Nf3 Nf6 3. d3 Nc6 4. Nbd2 Bc5 5. h3 h6 6. g3 O-O 7. Bg2 Bb6 8.
O-O d5 9. c3 dxe4 10. Nxe4 Be6 11. Qe2 Nxe4 12. dxe4 Qf6 13. Nh2 Rfd8 14.
Ng4 Bxg4 15. Qxg4 Rd6 16. Qf3 Qg6 17. Kh2 Rad8 18. h4 Rf6 19. Qe2 h5 20. Bf3
a6 21. Bxh5 Qh6 22. Bxh6 {Black resigns} 1-0

[Event "ICC Open 2015"]
[Site "Internet Chess Club"]
[Date "2015.05.30"]
[Round "2"]
[White "gauss"]
[Black "MWeston"]
[Result "0-1"]
[ICCResult "White resigns"]
[WhiteElo "2064"]
[BlackElo "2691"]
[Opening "Nimzo-Indian: Kmoch variation"]
[ECO "E20"]
[NIC "NI.30"]
[Time "14:16:26"]
[TimeControl "180+0"]

1. d4 Nf6 2. c4 e6 3. Nc3 Bb4 4. f3 O-O 5. a3 Bxc3+ 6. bxc3 Nh5 7. Nh3 f5 8.
Bg5 Qe8 9. g4 fxg4 10. fxg4 Nf6 11. e3 d6 12. Bd3 e5 13. Nf2 h6 14. Bh4 exd4
15. e4 dxc3 16. O-O Nc6 17. Kh1 Ne5 18. Rg1 g5 19. Bg3 Be6 20. Rc1 Nxc4 21.
Rxc3 b5 22. a4 a6 23. Qb1 Rb8 24. Bxc4 bxc4 25. Qc2 Nd7 26. h4 Ne5 27. Bxe5
dxe5 28. Qc1 Rxf2 29. hxg5 Rbb2 30. Rg2 Rxg2 31. gxh6 Rh2+ 32. Kg1 Rbg2+ 33.
Kf1 Qf8+ {White resigns} 0-1

[Event "ICC Open 2015"]
[Site "Internet Chess Club"]
[Date "2015.05.30"]
[Round "2"]
[White "Sunbear"]
[Black "Govindan"]
[Result "1-0"]
[ICCResult "Black forfeits on time"]
[WhiteElo "1918"]
[BlackElo "1564"]
[Opening "Vienna gambit"]
[ECO "C25"]
[NIC "VG.04"]
[Time "14:15:21"]
[TimeControl "180+0"]

1. e4 e5 2. Nc3 Nc6 3. f4 exf4 4. Nf3 d6 5. d4 Be7 6. Bxf4 Nf6 7. Bc4 O-O 8.
O-O Bg4 9. Qd3 Nb4 10. Qe2 a6 11. a3 Nc6 12. Rad1 h6 13. e5 Nh5 14. Qe3 Nxf4
15. Qxf4 Bd7 16. Bxf7+ Rxf7 17. Qxf7+ Kxf7 18. e6+ Bxe6 19. Ng5+ Kg8 20.
Nxe6 Qd7 21. d5 Ne5 22. Ne4 c6 23. dxc6 bxc6 24. N4c5 Qc8 25. Nxg7 Kxg7 26.
Ne4 d5 27. Ng3 Qc7 28. Rde1 Qb6+ 29. Kh1 Ng4 30. Rxe7+ Kg8 31. h3 Nf2+ 32.
Kh2 Rf8 33. Nh5 Qc5 34. Rg7+ Kh8 35. Rg6 Kh7 36. Rg7+ Kh8 37. g3 Ne4 38.
Rff7 Rxf7 39. Rxf7 Qxc2+ 40. Kg1 Qd1+ 41. Kg2 Qxh5 42. Rf8+ Kg7 43. Rf4 Qg5
44. Rf3 Qd2+ 45. Kg1 {Black forfeits on time} 1-0

[Event "ICC Open 2015"]
[Site "Internet Chess Club"]
[Date "2015.05.30"]
[Round "2"]
[White "a-man"]
[Black "Radja"]
[Result "0-1"]
[ICCResult "White checkmated"]
[WhiteElo "1525"]
[BlackElo "2404"]
[Opening "Scandinavian defense"]
[ECO "B01"]
[NIC "SD.03"]
[Time "14:15:50"]
[TimeControl "180+0"]

1. e4 d5 2. exd5 Nf6 3. Nc3 Nxd5 4. Bc4 Nb6 5. Bb3 c5 6. Qf3 e6 7. Nge2 c4
8. Ba4+ Nxa4 9. Nxa4 Nc6 10. O-O Be7 11. Nac3 O-O 12. d3 cxd3 13. cxd3 Nb4
14. Rd1 Bf6 15. a3 Nc2 16. Rb1 Nd4 17. Nxd4 Bxd4 18. Qg3 Bd7 19. Bh6 Kh8 20.
Ne2 Bf6 21. Nf4 gxh6 22. Nh5 Rg8 23. Qe3 Rg6 24. Nxf6 Qxf6 25. Rf1 Bc6 26.
g3 Qf3 27. Qxf3 Bxf3 28. Rbc1 Rd8 29. Rc2 Rxd3 30. Rc8+ Kg7 31. Rfc1 e5 32.
R1c7 Rgd6 33. h3 Rd1+ 34. Kh2 Rh1# {White checkmated} 0-1

[Event "ICC Open 2015"]
[Site "Internet Chess Club"]
[Date "2015.05.30"]
[Round "2"]
[White "truufseir"]
[Black "totus"]
[Result "0-1"]
[ICCResult "White resigns"]
[WhiteElo "1582"]
[BlackElo "2311"]
[Opening "Pirc: Byrne variation"]
[ECO "B07"]
[NIC "PU.09"]
[Time "14:15:29"]
[TimeControl "180+0"]

1. e4 d6 2. d4 Nf6 3. Nc3 g6 4. Bg5 Bg7 5. Nf3 c6 6. Qd2 h6 7. Bh4 g5 8. Bg3
Nh5 9. O-O-O Qa5 10. Kb1 Nd7 11. Bc4 e6 12. Bxd6 b5 13. Nxb5 Qxd2 14. Nc7+
Kd8 15. Rxd2 Rb8 16. Nxe6+ fxe6 17. Bxb8 Nxb8 18. Ne5 Bxe5 19. dxe5+ Ke7 20.
f3 Nd7 21. g4 Nf4 22. h4 Nxe5 23. hxg5 Nxc4 24. Rd4 Ne5 25. gxh6 Nxf3 26.
Ra4 a6 27. b4 Ng5 28. c4 Nxe4 29. b5 Nc3+ 30. Kc2 Nxa4 31. bxc6 Nc5 32. Rf1
e5 33. Kc3 a5 34. Re1 Kd6 35. g5 Bf5 36. Rd1+ Kxc6 37. Rd5 Nxd5+ 38. cxd5+
Kxd5 39. a4 Nxa4+ 40. Kb3 Nc5+ 41. Kc3 Rg8 42. h7 Bxh7 43. g6 Bxg6
{White resigns}
0-1

[Event "ICC Open 2015"]
[Site "Internet Chess Club"]
[Date "2015.05.30"]
[Round "2"]
[White "Crack-del29"]
[Black "Tut"]
[Result "1/2-1/2"]
[ICCResult "Game drawn by repetition"]
[WhiteElo "2411"]
[BlackElo "3201"]
[Opening "Grünfeld: Three knights variation"]
[ECO "D90"]
[NIC "GI.07"]
[Time "14:15:30"]
[TimeControl "180+0"]

1. d4 Nf6 2. c4 g6 3. Nc3 d5 4. Nf3 Bg7 5. cxd5 Nxd5 6. Na4 Nb6 7. e4 Bg4 8.
Be3 Nc6 9. d5 Ne5 10. Be2 Nxf3+ 11. gxf3 Nxa4 12. Qxa4+ Bd7 13. Qb3 O-O 14.
h4 c6 15. O-O-O cxd5 16. Qxd5 Be6 17. Qxd8 Rfxd8 18. Kb1 h5 19. Bg5 Kf8 20.
Rxd8+ Rxd8 21. Rd1 Rxd1+ 22. Bxd1 Be5 23. b3 f6 24. Be3 b6 25. f4 Bd6 26.
Kc2 Bd7 27. Be2 e5 28. fxe5 fxe5 29. Bg5 Bc5 30. f3 Bf2 31. Bc4 Kg7 32. Kd3
Be1 33. a4 Bf2 34. Be7 Bg3 35. Bg5 Bf2 36. Be7 Bg3 37. Bg5 Bh3 38. Ke3 Bd7
39. Kd3 Bh3 40. Ke3 Be1 41. Bd8 Bd7 42. Be7 Bh3 43. Bd8 Bd7 44. Be7 Bc3 45.
Kd3 Be1 46. Ke3 {Game drawn by repetition} 1/2-1/2

[Event "ICC Open 2015"]
[Site "Internet Chess Club"]
[Date "2015.05.30"]
[Round "2"]
[White "RaHrAhRaHeHs"]
[Black "SCORPION83"]
[Result "0-1"]
[ICCResult "White resigns"]
[WhiteElo "2331"]
[BlackElo "3092"]
[Opening "English opening"]
[ECO "A20"]
[NIC "EO.24"]
[Time "14:15:13"]
[TimeControl "180+0"]

1. c4 e5 2. g3 Nf6 3. Bg2 Nc6 4. Nc3 Bc5 5. e3 O-O 6. Nge2 d6 7. O-O a6 8.
a3 Rb8 9. b4 Ba7 10. d3 Ne7 11. h3 Be6 12. Bb2 Qd7 13. Kh2 c6 14. Qd2 Ng6
15. Rac1 h5 16. Ne4 Nxe4 17. dxe4 f5 18. exf5 Bxf5 19. Rcd1 Rbd8 20. Nc3 Be6
21. Qd3 Qf7 22. Qc2 Bxc4 23. Rfe1 d5 24. f4 exf4 25. exf4 Nxf4 26. gxf4
Qxf4+ 27. Kh1 Bb8 28. Bf1 Qh4 29. Qg2 Rf2 30. Nxd5 Rxg2 31. Ne7+ Kh7 32.
Bxg2 Rxd1 33. Be4+ Qxe4+ {White resigns} 0-1

[Event "ICC Open 2015"]
[Site "Internet Chess Club"]
[Date "2015.05.30"]
[Round "2"]
[White "LittlePeasant"]
[Black "JustKid"]
[Result "1-0"]
[ICCResult "Black resigns"]
[WhiteElo "2770"]
[BlackElo "2127"]
[Opening "King's Indian: fianchetto, Panno variation"]
[ECO "E63"]
[NIC "KI.71"]
[Time "14:14:59"]
[TimeControl "180+0"]

1. Nf3 Nf6 2. c4 g6 3. g3 Bg7 4. Bg2 O-O 5. O-O d6 6. d4 Nc6 7. Nc3 a6 8. b3
Rb8 9. Bb2 b5 10. cxb5 axb5 11. Rc1 Bd7 12. d5 Na7 13. Nd4 Nc8 14. e4 Ra8
15. Qc2 Ne8 16. Rfd1 b4 17. Na4 Bxa4 18. bxa4 Nb6 19. Nc6 Qd7 20. a5 Nc8 21.
Bxg7 Kxg7 22. Qb2+ f6 23. Qxb4 Na7 24. Qb7 Nxc6 25. Qxa8 Ne5 26. Qb7 f5 27.
exf5 Qxf5 28. Qb2 Nf6 29. a6 Nfg4 30. f4 Qh5 31. h3 Ne3 32. Rd2 Kg8 33. fxe5
Nxg2 34. Kxg2 Qf3+ 35. Kh2 dxe5 36. d6 cxd6 37. Qb3+ Kg7 38. Qxf3 Rxf3 39.
a7 Ra3 40. Rc7 Kf6 41. Rf2+ Ke6 42. Rf8 d5 43. a8=Q {Black resigns} 1-0

[Event "ICC Open 2015"]
[Site "Internet Chess Club"]
[Date "2015.05.30"]
[Round "2"]
[White "JArookie"]
[Black "burbur"]
[Result "0-1"]
[ICCResult "White resigns"]
[WhiteElo "1918"]
[BlackElo "2562"]
[Opening "Queen's pawn"]
[ECO "A40"]
[NIC "QO.17"]
[Time "14:15:30"]
[TimeControl "180+0"]

1. d4 c6 2. Nf3 d5 3. e3 Nf6 4. Bd3 Bg4 5. Nbd2 e6 6. c4 Nbd7 7. O-O Be7 8.
Qb3 Qb6 9. Qxb6 axb6 10. cxd5 exd5 11. a3 b5 12. Ne5 Nxe5 13. dxe5 Nd7 14.
f4 Nc5 15. Bc2 g6 16. e4 O-O-O 17. exd5 Rxd5 18. Ne4 Bf5 19. Re1 Nxe4 20.
Bxe4 Bxe4 21. Rxe4 Rd1+ 22. Kf2 Bc5+ 23. Ke2 Rhd8 24. b4 Bb6 25. h3 Rg1 26.
Kf3 Rf1+ 27. Ke2 Rdd1 28. Be3 Rxa1 29. Bxb6 Rfe1+ 30. Kf3 Rxe4 31. Kxe4 Kd7
32. g4 Rxa3 33. f5 gxf5+ 34. Kxf5 Rxh3 35. Bc5 Rf3+ 36. Kg5 Ke6 37. Bd6 f6+
38. Kh6 fxe5 39. Bc5 Rf7 40. g5 Kf5 41. Kh5 Rd7 42. Kh6 Kf4 43. Ba7 e4 44.
Bb8+ Kf3 45. Ba7 e3 46. Bxe3 Kxe3 {White resigns} 0-1

[Event "ICC Open 2015"]
[Site "Internet Chess Club"]
[Date "2015.05.30"]
[Round "2"]
[White "druskacik"]
[Black "ElFenomeno"]
[Result "1-0"]
[ICCResult "Black resigns"]
[WhiteElo "2452"]
[BlackElo "1957"]
[Opening "Sicilian: accelerated fianchetto, modern variation with Bc4"]
[ECO "B35"]
[NIC "SI.33"]
[Time "14:15:35"]
[TimeControl "180+0"]

1. e4 c5 2. Nf3 Nc6 3. d4 cxd4 4. Nxd4 g6 5. Nc3 Bg7 6. Be3 Nf6 7. Bc4 O-O
8. Bb3 a5 9. f3 d6 10. Qd2 Bd7 11. O-O-O Nxd4 12. Bxd4 a4 13. Bc4 b5 14.
Nxb5 Qb8 15. Nc3 Rc8 16. Bd5 Ra5 17. a3 e6 18. Ba2 Qb7 19. g4 Rb8 20. Ne2
Rb5 21. c4 Nxe4 22. fxe4 Bxd4 23. cxb5 Be5 24. Nc3 Bxb5 25. h4 Bc6 26. h5
Bxe4 27. hxg6 Bxg6 28. Rh3 Bxc3 29. Rxc3 Qe4 30. Qxd6 Qe2 {Black resigns}
1-0

[Event "ICC Open 2015"]
[Site "Internet Chess Club"]
[Date "2015.05.30"]
[Round "2"]
[White "Agenda"]
[Black "BigSerge"]
[Result "0-1"]
[ICCResult "White forfeits on time"]
[WhiteElo "1245"]
[BlackElo "1946"]
[Opening "Trompowsky attack (Ruth, Opocenský opening)"]
[ECO "A45"]
[NIC "QP.07"]
[Time "14:15:41"]
[TimeControl "180+0"]

1. d4 Nf6 2. Bg5 d6 3. Nf3 g6 4. e3 Bg7 5. Bd3 h6 6. Bf4 O-O 7. h4 Nc6 8. c3
Nh5 9. Qc2 e5 10. dxe5 dxe5 11. Bh2 f5 12. Bc4+ Kh8 13. Nbd2 e4 14. Ng1 Ne5
15. O-O-O Qe7 16. Be2 Be6 17. Bxh5 gxh5 18. Kb1 Rad8 19. Ne2 Nd3 20. Rhf1
Qf7 21. Nb3 Bc4 22. Ned4 b6 23. f3 c5 24. Nxf5 Qxf5 25. fxe4 Qxe4 26. Rxf8+
Rxf8 27. Nd2 Bxa2+ 28. Kxa2 Nb4+ 29. Kb3 Nxc2 {White forfeits on time} 0-1

[Event "ICC Open 2015"]
[Site "Internet Chess Club"]
[Date "2015.05.30"]
[Round "2"]
[White "Talion"]
[Black "Hobaica"]
[Result "1/2-1/2"]
[ICCResult "Game drawn by mutual agreement"]
[WhiteElo "2853"]
[BlackElo "2233"]
[Opening "Queen's pawn: London system"]
[ECO "A45"]
[NIC "QP.07"]
[Time "14:15:47"]
[TimeControl "180+0"]

1. d4 Nf6 2. Bf4 g6 3. c3 Bg7 4. h3 O-O 5. e3 d6 6. Nf3 Nbd7 7. Be2 c5 8.
O-O b6 9. Bh2 Bb7 10. a4 a6 11. Nfd2 Ne4 12. Nxe4 Bxe4 13. Nd2 Bb7 14. Qb3
Qc7 15. Rfd1 Rfb8 16. Qa3 Nf6 17. b4 Rc8 18. Rac1 Ne4 19. Nxe4 Bxe4 20. Bg3
cxb4 21. cxb4 Qb7 22. Bf1 Rxc1 23. Rxc1 Rc8 24. Qb2 Rxc1 25. Qxc1 Qc6 26.
Qxc6 Bxc6 27. b5 axb5 28. Bxb5 Bxb5 29. axb5 e5 30. d5 Bf6 31. f3 Bg5 32.
Kf2 f5 33. Ke2 Kf7 34. Bf2 Bd8 35. g4 h5 36. gxf5 gxf5 37. e4 f4
{Game drawn by mutual agreement}
1/2-1/2

[Event "ICC Open 2015"]
[Site "Internet Chess Club"]
[Date "2015.05.30"]
[Round "2"]
[White "playwaycool"]
[Black "Federicov"]
[Result "0-1"]
[ICCResult "White resigns"]
[WhiteElo "2343"]
[BlackElo "3107"]
[Opening "Trompowsky attack (Ruth, Opocenský opening)"]
[ECO "A45"]
[NIC "QP.07"]
[Time "14:16:21"]
[TimeControl "180+0"]

1. d4 Nf6 2. Bg5 e6 3. e4 h6 4. Bxf6 Qxf6 5. c3 d6 6. Bd3 e5 7. Ne2 g6 8.
O-O Bg7 9. f4 Qe7 10. fxe5 dxe5 11. Nd2 Nd7 12. Nf3 O-O 13. Qc2 exd4 14.
cxd4 c5 15. d5 Ne5 16. Nxe5 Qxe5 17. Rab1 b6 18. h3 Qg5 19. Kh1 Bd7 20. a4
Rac8 21. Bb5 Rcd8 22. Bxd7 Rxd7 23. Nc3 Re8 24. Rbe1 Be5 25. Rf3 Bd6 26. Qf2
Qe5 27. g3 h5 28. h4 Rde7 29. Rf1 Rf8 30. Qg2 a6 31. Qe2 b5 32. axb5 axb5
33. Qxb5 Rb8 34. Qe2 Rbb7 35. Qf2 Qd4 36. Qg2 Be5 37. Ra1 Bd6 38. Ra8+ Kg7
39. Ra1 Rb8 40. Raf1 Reb7 41. R3f2 Qe5 42. Kh2 Qe7 43. Re1 Qxh4+ 44. Kg1
Bxg3 45. Ree2 Bxf2+ 46. Qxf2 Qxf2+ 47. Rxf2 Rxb2 48. Rf1 h4 49. d6 R8b3 50.
Nd5 h3 51. d7 Rg2+ 52. Kh1 Rbb2 53. Nf4 Rgd2 54. Nd5 Rh2+ {White resigns}
0-1

[Event "ICC Open 2015"]
[Site "Internet Chess Club"]
[Date "2015.05.30"]
[Round "2"]
[White "LUCECOAGU"]
[Black "Bundestrainer"]
[Result "0-1"]
[ICCResult "White resigns"]
[WhiteElo "2413"]
[BlackElo "1846"]
[Opening "Pirc defense"]
[ECO "B07"]
[NIC "PU.08"]
[Time "14:15:12"]
[TimeControl "180+0"]

1. e4 d6 2. d4 Nf6 3. Nc3 e5 4. Nf3 exd4 5. Nxd4 Be7 6. Be2 O-O 7. g4 Re8 8.
g5 Nfd7 9. h4 Bf8 10. Be3 Nc5 11. f3 c6 12. Qd2 d5 13. O-O-O Ne6 14. Nxe6
Bxe6 15. f4 Qa5 16. f5 Bd7 17. exd5 Bxf5 18. d6 Nd7 19. Bc4 Bxd6 20. Rhf1
Be6 21. Bb3 Bxb3 22. cxb3 Bb4 23. Qxd7 Rxe3 24. Rxf7 Bxc3 25. bxc3 Qxc3+ 26.
Kb1 Re2 {White resigns} 0-1

[Event "ICC Open 2015"]
[Site "Internet Chess Club"]
[Date "2015.05.30"]
[Round "2"]
[White "faust"]
[Black "Nos"]
[Result "1-0"]
[ICCResult "Black resigns"]
[WhiteElo "3233"]
[BlackElo "2374"]
[Opening "French: Winawer, advance, 6...Ne7"]
[ECO "C18"]
[NIC "FR.11"]
[Time "14:15:48"]
[TimeControl "180+0"]

1. e4 e6 2. d4 d5 3. Nc3 Bb4 4. e5 c5 5. a3 Bxc3+ 6. bxc3 Ne7 7. h4 O-O 8.
h5 f6 9. h6 g6 10. exf6 Rxf6 11. Bg5 Rf7 12. Nf3 Nbc6 13. Be2 Qa5 14. Bd2
Qa4 15. dxc5 Qa5 16. Ng5 Rf8 17. O-O Qxc5 18. c4 Nf5 19. cxd5 exd5 20. Bd3
Ne5 21. Bb4 Qc7 22. Bxf8 Kxf8 23. Bxf5 Bxf5 24. Qxd5 Re8 25. Rae1 Re7 26.
Rxe5 Qxe5 27. Nxh7+ Ke8 28. Qg8+ Kd7 29. Nf8+ Kc7 30. h7 {Black resigns} 1-0

[Event "ICC Open 2015"]
[Site "Internet Chess Club"]
[Date "2015.05.30"]
[Round "2"]
[White "Glamurius"]
[Black "BehindBluEyes"]
[Result "1-0"]
[ICCResult "Black resigns"]
[WhiteElo "3049"]
[BlackElo "2298"]
[Opening "QGD: Semi-Tarrasch"]
[ECO "D50"]
[NIC "QO.16"]
[Time "14:15:29"]
[TimeControl "180+0"]

1. d4 e6 2. c4 d5 3. Nc3 Nf6 4. Bg5 c5 5. cxd5 exd5 6. e3 Nc6 7. Bb5 Be6 8.
Nf3 Bd6 9. dxc5 Bxc5 10. Rc1 Bd6 11. O-O O-O 12. h3 Rc8 13. Ne2 Re8 14. Ned4
Qd7 15. Nxe6 fxe6 16. Bxf6 gxf6 17. Nd4 Bb8 18. Qg4+ Kh8 19. Qh4 Rf8 20. g3
Rf7 21. Kg2 e5 22. Nf3 Rg8 23. e4 d4 24. Bc4 Rg6 25. Bxf7 Qxf7 26. b4 a6 27.
a4 Nxb4 28. Rc8+ Rg8 29. Rxg8+ Kxg8 30. Qg4+ Qg7 31. Qc8+ Qf8 32. Qxb7 d3
33. Rc1 Nc2 34. Qd5+ Kg7 35. Qxd3 Nb4 36. Qd7+ Kh6 37. Nh4 Qd6 38. Qg4
{Black resigns}
1-0

[Event "ICC Open 2015"]
[Site "Internet Chess Club"]
[Date "2015.05.30"]
[Round "2"]
[White "TasteOflover"]
[Black "romeomelgosa"]
[Result "1-0"]
[ICCResult "Black forfeits on time"]
[WhiteElo "2817"]
[BlackElo "2188"]
[Opening "Old Benoni defense"]
[ECO "A46"]
[NIC "QP.06"]
[Time "14:15:16"]
[TimeControl "180+0"]

1. d4 Nf6 2. Nf3 c5 3. d5 g6 4. Nc3 Bg7 5. e4 d6 6. Bb5+ Bd7 7. a4 O-O 8. h3
Na6 9. O-O Nc7 10. Bc4 b6 11. Re1 a6 12. e5 dxe5 13. Nxe5 b5 14. axb5 Nxb5
15. Bf4 Nxc3 16. bxc3 Nh5 17. Bh2 Bb5 18. Qd3 Qb6 19. Rab1 Rfd8 20. Bxb5
axb5 21. Rxb5 Qa6 22. c4 e6 23. Qf3 Nf6 24. Rxc5 Qa1 25. Kf1 Qd4 26. Rc7
exd5 27. Rxf7 {Black forfeits on time} 1-0

[Event "ICC Open 2015"]
[Site "Internet Chess Club"]
[Date "2015.05.30"]
[Round "2"]
[White "SPARNALIQ"]
[Black "xionoula"]
[Result "1-0"]
[ICCResult "Black resigns"]
[WhiteElo "2800"]
[BlackElo "2184"]
[Opening "Polish (Sokolsky) opening"]
[ECO "A00"]
[NIC "VO.10"]
[Time "14:15:42"]
[TimeControl "180+0"]

1. b4 d5 2. Bb2 Nf6 3. a3 e6 4. Nf3 Be7 5. e3 O-O 6. g4 c5 7. g5 Ne4 8. h4
cxb4 9. axb4 Bxb4 10. Bd3 Nc6 11. h5 Be7 12. g6 fxg6 13. hxg6 h6 14. Ra4 Nc5
15. Ra3 Bf6 16. Bd4 Nxd3+ 17. cxd3 Nxd4 18. exd4 Qe7 19. Rc3 e5 20. dxe5
Bxe5 21. Nxe5 Qxe5+ 22. Qe2 Qf6 23. Na3 Bf5 24. Kd1 Qxg6 25. Kc2 Rac8 26.
Nb5 a6 27. Nd4 Bd7 28. Qe7 Qf7 29. Qxf7+ Rxf7 30. f3 b5 31. Re1 Kf8 32. Kb3
Rxc3+ 33. dxc3 h5 34. Rh1 g6 35. Kb4 Rf6 36. Kc5 Kg7 37. Kxd5 Kh6 38. c4
bxc4 39. dxc4 Bf5 40. c5 Bc8 41. c6 Kg5 42. Ke5 Rf8 43. Rg1+ Kh6 44. f4 h4
45. c7 h3 46. Nc6 Rf5+ 47. Kd6 Rxf4 48. Ne7 Bb7 49. Rxg6+ Kh5 50. Rg8 Rh4
51. Nf5 h2 52. Rh8+ Kg4 53. Rxh4+ Kxf5 54. Rxh2 {Black resigns} 1-0

[Event "ICC Open 2015"]
[Site "Internet Chess Club"]
[Date "2015.05.30"]
[Round "2"]
[White "Cramagica"]
[Black "BigCol"]
[Result "0-1"]
[ICCResult "White forfeits on time"]
[WhiteElo "1198"]
[BlackElo "1754"]
[Opening "English opening"]
[ECO "A13"]
[NIC "EO.64"]
[Time "14:15:38"]
[TimeControl "180+0"]

1. c4 e6 2. Nc3 d5 3. cxd5 exd5 4. d4 f5 5. g3 Nf6 6. Bg2 c6 7. Nf3 Bd6 8.
O-O O-O 9. Bg5 h6 10. Bf4 Bxf4 11. gxf4 Qd6 12. e3 Ne4 13. Ne5 Be6 14. Kh1
Nd7 15. Bf3 Rf6 16. Rg1 Kh7 17. Rg2 Qe7 18. Qc2 Nxe5 19. fxe5 Rf7 20. Rag1
Ng5 21. Bh5 g6 22. Be2 Rg7 23. h4 Nh3 24. Rf1 Qxh4 25. Rh2 g5 26. b4 g4 27.
Bd3 Rf8 28. Ne2 Qg5 29. Nf4 Bd7 30. Nxh3 gxh3 31. f4 Qg3 32. Qf2 Rfg8
{White forfeits on time}
0-1

[Event "ICC Open 2015"]
[Site "Internet Chess Club"]
[Date "2015.05.30"]
[Round "2"]
[White "sebaslojano"]
[Black "Sc6"]
[Result "0-1"]
[ICCResult "White forfeits on time"]
[WhiteElo "1169"]
[BlackElo "1727"]
[Opening "King's Indian: orthodox, 7...Nbd7"]
[ECO "E94"]
[NIC "KI.12"]
[Time "14:15:13"]
[TimeControl "180+0"]

1. d4 Nf6 2. c4 g6 3. Nc3 Bg7 4. e4 d6 5. Nf3 O-O 6. Be2 Nbd7 7. O-O e5 8.
d5 a5 9. a3 Nc5 10. Nd2 Ne8 11. Rb1 f5 12. Bf3 f4 13. b4 axb4 14. axb4 Na6
15. Qe2 Qh4 16. Re1 Bd7 17. Nf1 Nf6 18. g3 Qh6 19. Bd2 g5 20. Nd1 Kh8 21.
Nc3 Rf7 22. Rec1 Rg8 23. Nb5 Bf8 24. Na3 g4 25. Bh1 f3 26. Qe1 Qh5 27. Be3
Bh6 28. Bxh6 Qxh6 29. c5 Bc8 30. cxd6 cxd6 31. b5 Nc5 32. Nc4 Qf8 33. Nxd6
Qxd6 34. Qb4 b6 35. Ne3 Nfxe4 {White forfeits on time} 0-1

[Event "ICC Open 2015"]
[Site "Internet Chess Club"]
[Date "2015.05.30"]
[Round "2"]
[White "chesstempo2"]
[Black "DogGambit"]
[Result "1/2-1/2"]
[ICCResult "Black ran out of time and White has no material to mate"]
[WhiteElo "1962"]
[BlackElo "1671"]
[Opening "Old Indian: Tartakower (Wade) variation"]
[ECO "A41"]
[NIC "QO.17"]
[Time "14:15:01"]
[TimeControl "180+0"]

1. d4 d6 2. Nf3 Bg4 3. c4 Nd7 4. Nc3 Ngf6 5. Qb3 Rb8 6. Bf4 c6 7. e3 Bxf3 8.
gxf3 e5 9. dxe5 dxe5 10. Bg3 Be7 11. Be2 Qc7 12. Qc2 O-O 13. O-O Rfe8 14.
Rad1 Nf8 15. Rd2 Rbd8 16. Rfd1 Rxd2 17. Rxd2 Rd8 18. Rxd8 Bxd8 19. Qf5 N8d7
20. Kg2 g6 21. Qc2 h5 22. h4 Be7 23. a3 a5 24. Ne4 Nxe4 25. Qxe4 Bf6 26. f4
exf4 27. Bxf4 Qd8 28. b4 axb4 29. axb4 Bxh4 30. b5 cxb5 31. cxb5 Bg5 32.
Qxb7 Bxf4 33. exf4 Nf6 34. Qc6 Qd5+ 35. Qxd5 Nxd5 36. Kf3 Kf8 37. Ke4 Nb6
38. Kd4 Ke7 39. Kc5 Nd7+ 40. Kc6 Nb8+ 41. Kc7 Nd7 42. Bc4 f6 43. b6 Nxb6 44.
Kxb6 g5 45. fxg5 fxg5 46. Kc5 Kf6 47. Kd4 Kf5 48. Ke3 Kg4 49. Be6+ Kh4 50.
Kf3 g4+ 51. Kg2 Kg5 52. Bc8 h4 53. Bb7 Kf4 54. Bc8 h3+ 55. Kg1 g3 56. fxg3+
Kxg3 57. Kh1 h2 58. Bb7 Kf2 59. Bc8
{Black ran out of time and White has no material to mate}
1/2-1/2

[Event "ICC Open 2015"]
[Site "Internet Chess Club"]
[Date "2015.05.30"]
[Round "2"]
[White "rovov"]
[Black "pagoda"]
[Result "0-1"]
[ICCResult "White checkmated"]
[WhiteElo "1594"]
[BlackElo "1939"]
[Opening "Réti opening"]
[ECO "A11"]
[NIC "QP.09"]
[Time "14:15:29"]
[TimeControl "180+0"]

1. Nf3 d5 2. c4 c6 3. e3 Nf6 4. Nc3 a6 5. d4 Bf5 6. cxd5 cxd5 7. Qb3 b5 8.
Nxb5 axb5 9. Bxb5+ Bd7 10. Ne5 Qa5+ 11. Bd2 Qxb5 12. Nxd7 Qxd7 13. O-O Ne4
14. Bb4 Nc6 15. Bc5 Nxc5 16. dxc5 e6 17. Qc2 Be7 18. a3 O-O 19. b4 Ne5 20.
Rfc1 Nc4 21. a4 Bf6 22. Ra2 Rfb8 23. b5 g6 24. Rd1 Qc7 25. c6 Bd8 26. Rb1
Qe5 27. Qb3 h5 28. Qb4 h4 29. Qc5 h3 30. a5 Qe4 31. f3 Qxb1+ 32. Kf2 Qxa2+
33. Kg3 Qxg2+ 34. Kf4 Qg5# {White checkmated} 0-1

[Event "ICC Open 2015"]
[Site "Internet Chess Club"]
[Date "2015.05.30"]
[Round "2"]
[White "VerdeNotte"]
[Black "chessdjw"]
[Result "0-1"]
[ICCResult "White resigns"]
[WhiteElo "2895"]
[BlackElo "2306"]
[Opening "Scotch: Schmidt variation"]
[ECO "C45"]
[NIC "SO.04"]
[Time "14:15:05"]
[TimeControl "180+0"]

1. e4 e5 2. Nf3 Nc6 3. d4 exd4 4. Nxd4 Nf6 5. Nc3 Bc5 6. Be3 Bb6 7. Qd2 Ng4
8. Bg5 f6 9. Nxc6 Bxf2+ 10. Qxf2 dxc6 11. Qg3 fxg5 12. Be2 Qd6 13. Qxd6 cxd6
14. Rd1 Ke7 15. Rd3 Ne5 16. Rd2 Rf8 17. Nd1 Be6 18. Nf2 Bxa2 19. b3 a5 20.
O-O a4 21. Bd1 axb3 22. cxb3 Ra3 23. Rb2 c5 24. Bc2 b5 25. Ra1 Rfa8 26. Nd1
b4 27. Ne3 Bxb3 28. Nf5+ Kd7 29. Rd1 Bxc2 30. Rxd6+ Kc7 31. Rxc2 Ra1+ 32.
Kf2 R8a2 33. Rdd2 Rxc2 34. Rxc2 c4 35. Nd4 Kb6 36. Ke3 b3 37. Rb2 Ra3 38.
Kd2 Kc5 39. Kc3 Nd3 40. Ne6+ Kd6 41. Rb1 b2+ 42. Kxc4 Kxe6 43. e5 Ra1 44.
Kxd3 Rxb1 45. Kc2 Re1 46. Kxb2 Rxe5 47. Kc3 Re2 48. Kd3 Rxg2 49. h3 Rh2 50.
Ke3 Rxh3+ 51. Kf2 Rh4 52. Kg2 Kf5 53. Kg1 Rg4+ 54. Kf1 h6 55. Kf2 h5 56. Kf3
h4 57. Kf2 h3 58. Ke3 h2 {White resigns} 0-1